 Seeded DCSS version 0.29.1-4-g47bece8355 (webtiles) character file.

Game seed: 20221206 (custom seed)

135 jessy the Shooter (level 5, -10/42 HPs)
             Began as a Human Hunter on Dec 6, 2022.
             Was a Priest of Jiyva.
             Killed by an exploding Eustachio (15 damage)
             ... ignited by their inner flame
             ... on level 4 of the Dungeon on Dec 9, 2022.
             The game lasted 00:15:20 (2827 turns).

jessy the Shooter (Human Hunter)                    Turns: 2827, Time: 00:15:21

Health: -10/42     AC:  8    Str:  9    XL:     5   Next: 41%
Magic:  5/5        EV:  5    Int:  7    God:    Jiyva [***...]
Gold:   157        SH: 15    Dex: 27    Spells: 4/4 levels left

rFire   + . .      SeeInvis .   j - +0 broad axe
rCold   . . .      Faith    +   q - +0 tower shield
rNeg    . . .      Spirit   .   s - +2 scale mail {rF+}
rPois   +          Reflect  .   (no helmet)
rElec   .          Harm     .   (no cloak)
rCorr   +          Rampage  .   (no gloves)
Will    .....                   (no boots)
Stlth   +.........              v - amulet of faith
HPRegen 1.26/turn               y - ring of poison resistance
MPRegen 0.44/turn               (no ring)

@: no status effects
A: agile 2, robust 1, tendrils
a: Renounce Religion, Oozemancy


You were on level 4 of the Dungeon.
You worshipped Jiyva.
Jiyva was most pleased with you.
You visited 1 branch of the dungeon, and saw 4 of its levels.

You collected 157 gold pieces.

Inventory:

Hand Weapons
 a - a +0 shortbow
 d - a +0 mace
 e - a +0 spear
 f - a +0 dagger
 i - a +0 short sword
 j - a +0 broad axe (weapon)
 k - a +2 sling of flaming
Missiles
 x - 3 poisoned darts (quivered)
Armour
 c - a +0 leather armour
 q - a +0 tower shield (worn)
 s - a +2 scale mail of fire resistance (worn)
Magical Staves
 h - a staff of poison
Jewellery
 v - an amulet of faith (around neck)
 y - a ring of poison resistance (left hand)
Scrolls
 l - a scroll of silence {unknown}
 n - a scroll of amnesia {unknown}
 o - 2 scrolls of blinking {unknown}
 u - 2 scrolls of identify {unknown}
 w - 2 scrolls of teleportation {unknown}
Potions
 g - 3 potions of flight {unknown}
 m - 2 potions of degeneration {unknown}
 p - a potion of curing {unknown}
 r - a potion of attraction {unknown}
 t - 3 potions of heal wounds {unknown}


   Skills:
 + Level 2.4 Fighting
 + Level 1.9 Axes
 + Level 4.7 Ranged Weapons
 + Level 1.3 Armour
 + Level 2.5 Dodging
 + Level 1.0 Stealth
 + Level 1.3 Shields


You had 4 spell levels left.
You didn't know any spells.
Your spell library contained the following spells:

 Spells                   Type           Power      Damage    Failure   Level
 Beastly Appendage        Tmut           0%         N/A       100%        1
 Wereblood                Tmut           0%         N/A       100%        2
 Spider Form              Tmut/Pois      0%         N/A       100%        3


Dungeon Overview and Level Annotations

Branches:
Dungeon (4/15)
 Temple: D:4-7

Altars:
Xom
Jiyva

Shops:
D:4 [


Innate Abilities, Weirdness & Mutations

You are very agile. (Dex +8, Str/Int -2)
You are robust. (+10% HP)
You are covered in slimy tendrils that may disarm your opponents.


Message History

Eustachio yells, "Perjured traitor, DIE!"
Eustachio hits you but does no damage.
The iron imp hits you but does no damage.
You block the iron imp's attack.
Read: scroll of immolation
Press: ? - help, Q - select action, (/) - cycle Dir - look around, f - activate Look: Eustachio, wearing a +0 leather armour (moderately wounded, inner flame, susceptible)
As you read the scroll of immolation, it crumbles to dust.
The creatures around you are filled with an inner flame!
You block the rat's attack. x2; The bat hits you but does no damage.
Eustachio yells, "Perjured traitor, DIE!"
Eustachio hits you but does no damage. You block the iron imp's attack.
The iron imp hits you!
You hit Eustachio but do no damage.
Eustachio is moderately wounded.
You hit the bat.
The bat's corpse disappears in a puff of smoke!
You hit the iron imp but do no damage. You hit the rat.
The rat's corpse disappears in a puff of smoke!
You hit the rat.
The rat's corpse disappears in a puff of smoke!
You completely miss the iron imp.
The rat explodes!
The fiery explosion engulfs you! You resist.
The rat explodes!
The fiery explosion engulfs you! You resist.
* * * LOW HITPOINT WARNING * * *
The fiery explosion engulfs the iron imp.
The iron imp completely resists.
The iron imp is moderately wounded.
The fiery explosion engulfs Eustachio!!
Flame seeps out of Eustachio.
Eustachio is almost dead.
The fiery explosion engulfs the quokka!!
The quokka's corpse disappears in a puff of smoke!
The quokka explodes!
The fiery explosion engulfs Eustachio!!
The iron imp disappears in a puff of smoke! x2
Eustachio explodes!
The fiery explosion engulfs you! You resist.
You die...

#.# #.# ####.####.# ###
#.........# ..#
#.###.##..# #.#
###†##..# #.# #
#....#..# ######.#.#o..
#.#..§.§# #....><...Wgg
#.##.§§§####.######..~g.
# #..§§@○§# .~~.
#.##§§§§# #≈~ #. #.§...#
# #. #.###.# #. ... .#
#.#### #


There were no monsters in sight!

Vanquished Creatures
  Eustachio (D:4)
  An iguana (D:4)
  5 adders
  A worm (D:2)
  3 dart slugs
  9 ball pythons
  An endoplasm (D:1)
  A giant cockroach (D:2)
  3 hobgoblins
  11 jackals
  3 quokkas
  5 bats
  3 frilled lizards
  7 goblins
  6 kobolds
  4 rats
64 creatures vanquished.

Vanquished Creatures (others)
  A ball python (D:3)
  An endoplasm (D:3)
  A hobgoblin (D:3)
  2 quokkas (D:3)
  2 goblins
  3 kobolds (D:2)
  3 rats (D:2)
13 creatures vanquished.

Grand Total: 77 creatures vanquished

Notes
Turn   | Place    | Note
-------+----------+-------------------------------------------
     0 | D:1      | jessy the Human Hunter began the quest for the Orb.
     0 | D:1      | Reached XP level 1. HP: 16/16 MP: 1/1
    90 | D:1      | Reached XP level 2. HP: 12/22 MP: 2/2
   633 | D:1      | Reached XP level 3. HP: 26/27 MP: 3/3
   666 | D:1      | Found a faded altar of an unknown god.
   783 | D:1      | Prayed at the altar of an unknown god.
   783 | D:1      | Became a worshipper of Jiyva Juamoer the Shapeless
   783 | D:1      | Reached * piety under Jiyva
  1516 | D:2      | Reached ** piety under Jiyva
  1603 | D:2      | Reached XP level 4. HP: 33/33 MP: 4/4
  1858 | D:3      | Reached skill level 1 in Axes
  2099 | D:3      | Reached skill level 1 in Armour
  2489 | D:4      | Noticed a phantom
  2489 | D:4      | Found a shimmering altar of Xom.
  2504 | D:4      | Reached *** piety under Jiyva
  2596 | D:4      | Found Zatithria's Armour Shoppe.
  2600 | D:4      | Reached skill level 1 in Shields
  2634 | D:4      | Gained mutation: You are covered in slimy tendrils that may
                  | disarm your opponents. [Jiyva's grace]
  2634 | D:4      | Gained mutation: You are agile. (Dex +4, Str/Int -1)
                  | [Jiyva's grace]
  2634 | D:4      | Gained mutation: You are very agile. (Dex +8, Str/Int -2)
                  | [Jiyva's grace]
  2634 | D:4      | Gained mutation: You are robust. (+10% HP) [Jiyva's grace]
  2691 | D:4      | Reached XP level 5. HP: 42/42 MP: 5/5
  2751 | D:4      | HP: 1/42 [iguana (7)]
  2810 | D:4      | Noticed Eustachio
  2827 | D:4      | Killed Eustachio
  2827 | D:4      | Killed by an exploding Eustachio... ignited by their inner
                  | flame

Illustrated notes

Levels and vault maps discovered:
D:1:      dpeg_arrival_castle, layout_rooms, basic_ecumenical_altar,
          wander_ebering_terrifying_dragon_lair
D:2:      layout_loops_ring
D:3:      layout_loops_cross
D:4:      layout_basic, xom_confusion_cloud, serial_shops,
          nicolae_shop_hallway_plus, uniq_eustachio, uniq_natasha

Skill      XL: |  1  2  3  4 |
---------------+-------------+-----
Axes           | 1 |  1.9
Armour         | 1 |  1.3
Shields        | 1 |  1.3
Fighting       | |  2.4
Ranged Weapons | |  4.7
Dodging        | |  2.5
Stealth        | |  1.0

Action                   |  1- 3 |  4- 6 || total
-------------------------+-------+-------++-------
Melee: Mace              |    10 |       ||    10
       Broad axe         |    36 |    68 ||   104
       Sling             |     7 |       ||     7
 Fire: Shortbow          |    36 |     4 ||    40
       Sling             |    27 |       ||    27
Throw: Throwing net      |     1 |       ||     1
  Use: Scroll            |       |     2 ||     2
Armor: Leather armour    |    36 |       ||    36
       Scale mail        |     4 |    66 ||    70
Dodge: Dodged            |    59 |    37 ||    96
Block: Tower shield      |    55 |   109 ||   164
